 Dungeon Crawl Stone Soup version 0.31-a0-188-g5e087ee2ca (webtiles) character file.

Game seed: 6893926299903884304

1712594 ragingrage the Cutthroat (level 26, 229/229 HPs)
             Began as a Gnoll Reaver on June 22, 2023.
             Was a High Priest of Ashenzari.
             Escaped with the Orb
             ... and 3 runes on June 23, 2023!
             The game lasted 02:17:58 (63208 turns).

ragingrage the Cutthroat (Gnoll Reaver)            Turns: 63208, Time: 02:17:58

Health: 229/229    AC: 27    Str: 15      XL:     26   Next: 69%
Magic:  59/59      EV: 35    Int: 19 (22) God:    Ashenzari [*****.]
Gold:   4520       SH: 25    Dex: 17 (20) Spells: 10/72 levels left

rFire   x . .        b - +9 demon trident of Ashenzari's Secrets {spect, Bglg, Self} (curse)
rCold   + + .        q - +2 tower shield "Ensconced Together" {rC+, Self, Evo} (curse)
rNeg    + . .        R - +4 troll leather armour of Ashenzari's Sophism {Regen+, Cun, Fort} (curse)
rPois   .            C - +2 helmet of Ashenzari's Dismay {Int+3, Comp, Fort} (curse)
rElec   +            a - +2 cloak "Behold Eternity" {Bglg, Cun} (curse)
rCorr   +            r - +2 pair of gloves of Supernal Wisdom {Elem, Self} (curse)
SInv    +            N - +2 pair of boots of the Circumscribed Sky {Comp, Melee} (curse)
Will    +....        P - amulet of Ashenzari's Seeker {rElec rF- Regen+ Str+3 Dex+6, Alch, Comp} (curse)
Stlth   +++          k - ring of Ashenzari's Ordeal {rElec rC+ rN+ rCorr MP+9, Self, Cun} (curse)
HPRegen 2.18/turn    H - ring of the Hare {EV+10}
MPRegen 0.36/turn

%: clarity
@: studying Short Blades
A: fangs 1, strong nose, distributed training, dopey 1
0: Orb of Zot
}: 3/15 runes: decaying, abyssal, gossamer
a: Renounce Religion, Curse Item, Shatter the Chains


You escaped.
You worshipped Ashenzari.
Ashenzari was extremely pleased with you.
You visited 11 branches of the dungeon, and saw 50 of its levels.
You visited the Abyss 1 time.
You also visited: Gauntlet and Ice Cave.

You collected 7744 gold pieces.
You spent 3224 gold pieces at shops.

Inventory:

Hand Weapons
 b - the cursed +9 demon trident of Ashenzari's Secrets (weapon) {spect, Bglg, Self}
   (You took it off Asterion on level 2 of the Spider Nest)

   It has a curse which improves the following skills: Beguiling: Conjurations,
   Hexes and Translocations.
   Introspection: Fighting and Spellcasting.
Missiles
 d - 13 curare-tipped darts
 I - 4 throwing nets
 L - 15 silver javelins
 S - 16 javelins
Armour
 a - the cursed +2 cloak "Behold Eternity" (worn) {Bglg, Cun}
   (You took it off a draconian monk on level 4 of the Depths)

   It has a curse which improves the following skills: Beguiling: Conjurations,
   Hexes and Translocations.
   Cunning:   Dodging and Stealth.
 q - the cursed +2 tower shield "Ensconced Together" (worn) {rC+, Self, Evo}
   (You found it in an ice cave)

   It has a curse which improves the following skills: Introspection: Fighting
   and Spellcasting.
   Evocations: Evocations.
 r - the cursed +2 pair of gloves of Supernal Wisdom (worn) {Elem, Self}
   (You found it on level 4 of the Dungeon)

   It has a curse which improves the following skills: Elements: Fire Magic, Ice
   Magic, Air Magic and Earth Magic.
   Introspection: Fighting and Spellcasting.
 C - the cursed +2 helmet of Ashenzari's Dismay (worn) {Int+3, Comp, Fort}
   (You found it on level 3 of the Elven Halls)

   It has a curse which improves the following skills: Companions: Summonings
   and Necromancy.
   Fortitude: Armour and Shields.
 N - the cursed +2 pair of boots of the Circumscribed Sky (worn) {Comp, Melee}
   (You found it on level 9 of the Dungeon)

   It has a curse which improves the following skills: Companions: Summonings
   and Necromancy.
   Melee Combat: Short Blades, Long Blades, Axes, Maces & Flails, Polearms,
   Staves and Unarmed Combat.
 R - the cursed +4 troll leather armour of Ashenzari's Sophism (worn) {Regen+, Cun, Fort}
   (You found it on level 11 of the Dungeon)

   Regen:     It increases your rate of health regeneration.
   It has a curse which improves the following skills: Cunning: Dodging and
   Stealth.
   Fortitude: Armour and Shields.
Jewellery
 k - the cursed ring of Ashenzari's Ordeal (left hand) {rElec rC+ rN+ rCorr MP+9, Self, Cun}
   (You bought it in a shop on level 1 of the Vaults)

   [ring of protection from cold]

   rC:        It protects you from cold.
   rElec:     It insulates you from electricity.
   rN:        It protects you from negative energy.
   MP:        It affects your magic capacity (+9).
   rCorr:     It protects you from acid and corrosion.
   It has a curse which improves the following skills: Introspection: Fighting
   and Spellcasting.
   Cunning:   Dodging and Stealth.
 A - a ring of protection from fire
 H - the ring of the Hare (right hand) {EV+10}
   (You bought it in a shop on level 1 of the Vaults)

   [ring of evasion]

   EV:        It affects your evasion (+10).
 P - the cursed amulet of Ashenzari's Seeker (around neck) {rElec rF- Regen+ Str+3 Dex+6, Alch, Comp}
   (You took it off a minotaur in a Gauntlet)

   [amulet of regeneration]

   Str:       It affects your strength (+3).
   Dex:       It affects your dexterity (+6).
   rF:        It makes you vulnerable to fire.
   rElec:     It insulates you from electricity.
   Regen:     It increases your rate of health regeneration.
   It has a curse which improves the following skills: Alchemy: Poison Magic and
   Transmutations.
   Companions: Summonings and Necromancy.
Wands
 i - a wand of roots (18)
 n - a wand of quicksilver (39)
 s - a wand of digging (15)
 y - a wand of flame (9)
 z - a wand of paralysis (73)
 Q - a wand of mindburst (18)
Scrolls
 j - 10 scrolls of vulnerability
 m - 6 scrolls of blinking
 u - 9 scrolls of fog
 v - 11 scrolls of poison
 x - 3 scrolls of butterflies
 D - 5 scrolls of silence
 E - 28 scrolls of teleportation
 F - 9 scrolls of fear
 K - 10 scrolls of immolation
 X - 7 scrolls of revelation
 Y - 7 scrolls of amnesia
Potions
 e - 4 potions of enlightenment
 h - 18 potions of curing
 l - 7 potions of mutation
 o - 14 potions of ambrosia
 p - 9 potions of attraction
 t - a potion of resistance
 w - 7 potions of might
 B - 6 potions of haste
 G - 5 potions of magic
 M - 2 potions of cancellation
 O - 4 potions of berserk rage
 U - 9 potions of heal wounds
 V - 3 potions of invisibility
 W - 9 potions of brilliance
Miscellaneous
 c - a phial of floods
 f - a sack of spiders
 g - a condenser vane
 J - a lightning rod (4/4)
 T - a phantom mirror
 Z - a piece from Xom's chessboard (15/15)


   Skills:
 + Level 18.8(23.5) Fighting
 + Level 24.5(26.3) Short Blades
 + Level 18.3(20.2) Long Blades
 + Level 18.3(20.2) Axes
 + Level 19.2(21.1) Maces & Flails
 + Level 18.3(20.2) Polearms
 + Level 18.3(20.2) Staves
 + Level 18.3 Ranged Weapons
 + Level 18.3 Throwing
 + Level 18.3(21.2) Armour
 + Level 18.8(22.7) Dodging
 + Level 18.3(22.2) Stealth
 + Level 18.3(21.2) Shields
 + Level 18.3(20.2) Unarmed Combat
 + Level 18.9(23.6) Spellcasting
 + Level 16.4(19.4) Conjurations
 + Level 15.6(18.6) Hexes
 + Level 15.6(19.6) Summonings
 + Level 15.6(19.6) Necromancy
 + Level 15.6(18.6) Translocations
 + Level 15.6(17.6) Transmutations
 + Level 15.6(17.6) Fire Magic
 + Level 15.6(17.6) Ice Magic
 + Level 15.6(17.6) Air Magic
 + Level 15.6(17.6) Earth Magic
 + Level 15.6(17.6) Poison Magic
 + Level 19.8 Invocations
 + Level 18.3(20.2) Evocations


You had 10 spell levels left.
You knew the following spells:

 Your Spells              Type           Power      Damage    Failure   Level
a - Spellforged Servitor  Conj/Summ      38%        N/A       1%          7
b - Death Channel         Necr           38%        N/A       1%          6
c - Wereblood             Tmut           74%        N/A       0%          2
d - Dragon Form           Tmut           37%        N/A       2%          7
e - Yara's Violent Unrav  Hex/Tmut       37%        3d15      1%          5
f - Borgnjor's Vile Clut  Necr/Erth      38%        N/A       1%          5
g - Blink                 Tloc           100%       N/A       0%          2
h - Swiftness             Air            74%        N/A       0%          3
i - Fireball              Conj/Fire      37%        3d15      1%          5
j - Leda's Unmaking       Conj/Erth      37%        9d7       1%          6
k - Passwall              Tmut/Erth      61%        N/A       0%          2
l - Iskenderun's Battles  Conj           77%        2d13      1%          5
m - Malign Gateway        Summ/Tloc      38%        N/A       1%          7

Your spell library contained the following spells:

 Spells                   Type           Power      Damage    Failure   Level
 Beastly Appendage        Tmut           100%       N/A       0%          1
 Freeze                   Ice            100%       1d10      0%          1
 Kiss of Death            Conj/Necr      100%       2d13      0%          1
 Necrotise                Necr           100%       1d9       0%          1
 Summon Small Mammal      Summ           100%       N/A       0%          1
 Cigotuvi's Dreadful Rot  Necr/Pois/Air  100%       N/A       0%          2
 Ensorcelled Hibernation  Hex/Ice        100%       N/A       0%          2
 Momentum Strike          Conj/Tloc      100%       3d10      0%          2
 Sublimation of Blood     Necr           77%        N/A       0%          2
 Call Canine Familiar     Summ           77%        N/A       0%          3
 Frozen Ramparts          Ice            100%       1d16      0%          3
 Gell's Gravitas          Tloc           76%        N/A       0%          3
 Hailstorm                Conj/Ice       75%        3d15      0%          3
 Inner Flame              Hex/Fire       75%        N/A       0%          3
 Spider Form              Tmut/Pois      74%        N/A       0%          3
 Stone Arrow              Conj/Erth      100%       3d13      0%          3
 Summon Guardian Golem    Hex/Summ       76%        N/A       0%          3
 Vampiric Draining        Necr           77%        2d11      0%          3
 Dispel Undead            Necr           77%        3d25      0%          4
 Animate Armour           Summ/Erth      100%       N/A       1%          4
 Cause Fear               Hex            38%        N/A       1%          4
 Leda's Liquefaction      Hex/Erth       37%        N/A       1%          4
 Petrify                  Tmut/Erth      74%        N/A       1%          4
 Agony                    Necr           77%        N/A       1%          5
 Irradiate                Conj/Tmut      37%        3d24      1%          5
 Lee's Rapid Deconstruct  Erth           37%        3d18*     1%          5
 Summon Forest            Summ/Tloc      38%        N/A       1%          5
 Summon Mana Viper        Hex/Summ       76%        N/A       1%          5
 Conjure Ball Lightning   Conj/Air       37%        3x3d12    1%          6
 Statue Form              Tmut/Erth      49%        N/A       1%          6
 Summon Cactus Giant      Summ           38%        N/A       1%          6
 Enfeeble                 Hex            38%        N/A       1%          7
 Orb of Destruction       Conj           38%        9d11      1%          7
 Borgnjor's Revivificati  Necr           38%        N/A       8%          8
 Lehudib's Crystal Spear  Conj/Erth      37%        10d9      12%         8
 Necromutation            Tmut/Necr      38%        N/A       12%         8
 Death's Door             Necr           38%        N/A       75%         9
 Dragon's Call            Summ           38%        N/A       75%         9
 Chain Lightning          Conj/Air       37%        3d50      88%         9
 Fire Storm               Conj/Fire      37%        8d10      88%         9
 Shatter                  Erth           37%        3d29*     95%         9


Dungeon Overview and Level Annotations

Branches:
Dungeon (15/15)            Temple (1/1) D:5            Lair (5/5) D:10
  Swamp (4/4) Lair:3       Spider (4/4) Lair:3        Slime (3/5) Lair:5
    Orc (2/2) D:9             Elf (3/3) Orc:2        Vaults (4/5) D:13
  Crypt (0/3) Vaults:3     Depths (4/4) D:15            Zot (5/5) Depths:4
  IceCv (visited)         Gauntlet (visited)

Altars:
Ashenzari
Cheibriados
Dithmenos
Elyvilon
Fedhas
Gozag
Hepliaklqana
Kikubaaqudgha
Makhleb
Nemelex Xobeh
Okawaru
Qazlal
Ru
Sif Muna
Trog
Uskayaw
Vehumet
Wu Jian
Xom
Yredelemnul
Zin
The Shining One
Jiyva

Shops:
D:2 =   D:6 =   D:9 **[   Orc:2 ![**=   Vaults:1 =   Vaults:4 *

Portals:
Hell: Depths:1 Depths:2 Depths:3 Depths:4
Abyss: Depths:1 Depths:2 Depths:3
Pandemonium: Depths:1 Depths:2
Ziggurat: Depths:3
Trove: Elf:3 (give 5 potions of resistance)

Annotations:
Elf:2 3 runed translucent doors
Zot:2 4 transporters
Zot:4 1 transporter


Innate Abilities, Weirdness & Mutations

You have very sharp teeth.
Your uncanny sense of smell can sniff out nearby items.
Your experience applies equally to all skills.
You are dopey. (Int -2)


Message History

You climb upwards.
There is a stone staircase leading down here.
You sense a monster nearby.
Casting: Dragon Form (mildly dangerous; 2% risk of failure)
Aiming: Passwall (safe; 0% risk of failure)
Press: ? - help, Dir - move target A rock wall.
This square is covered in magical glow.
You begin to meditate on the wall.
You continue meditating on the rock. x2
You finish merging with the rock.
There is a stone staircase leading up here.
You climb upwards.
There is a stone staircase leading down here.
Unknown command.
(D) Dungeon (T) Temple (L) Lair (S) Swamp (N) Spider Nest (M) Slime Pits (O) Orcish Mines (E) Elven Halls (V) Vaults (C) Crypt (U) Depths (H) Hell (Z) Zot
Where to? (Enter - D:1 @ (x,y), ? - help)
There is a stone staircase leading up here.
You climb upwards.
There is a stone staircase leading down here.
There is a stone staircase leading up here.
You climb upwards.
There is a stone staircase leading down here.
A cacodemon and 2 sixfirhies come into view.
The sixfirhy closely misses you.
The cacodemon gestures next to the sixfirhy.
Some rock shatters into small pieces.
There is a stone staircase leading up here.
You block the sixfirhy's attack. The sixfirhy completely misses you.
You climb upwards.
There is a stone staircase leading down here.
(D) Dungeon (T) Temple (L) Lair (S) Swamp (N) Spider Nest (M) Slime Pits (O) Orcish Mines (E) Elven Halls (V) Vaults (C) Crypt (U) Depths (H) Hell (Z) Zot
Where to? (Enter - D:1 @ (x,y), ? - help)
There is a staircase leading out of the dungeon here.
You have escaped!

######.#####.........###...#
.......# ##.....#.....##...#
##########.....###.....###.# ####
##### ##.....#####.....##.###...
....# ##.....#.....#.....#.......
....###.....###...###.....####...
....##.....#####.#####.....###...
..(.#.....#...........#.....##...
.........###....@....###.....#...
........#####.....[.#####....#...
####...#.....#.....#.....#...#...
# #..###...###...###...###..####
# #.#####.#####.#####.#####.# #
#.........................#
############.##..#############
#..............[...#
#.#########..#####.###


There were no monsters in sight!

Vanquished Creatures
  4 dread liches
  2 orbs of fire (Zot:5)
  The ghost of Toid the Slayer, a veteran OgBe of Trog (Zot:3)
  A juggernaut (Depths:3)
  Josephina (Depths:2)
  Boris (Vaults:3)
  2 Killer Klowns (Zot:5)
  Saint Roka (Depths:2)
  Bai Suzhen (Elf:3)
  Xtahua (Vaults:2)
  2 curse toes
  A pandemonium lord (Zot:5)
  8 golden dragons
  Nikola (Swamp:1)
  the Enchantress (Depths:4)
  Jory (Vaults:2)
  An electric golem (Zot:5)
  A bone dragon (Depths:4)
  A Tzitzimitl (Zot:5)
  The ghost of Xutext the Spry, an adept DsAK of Lugonu (Depths:4)
  A hellephant (Depths:1)
  18 tentacled monstrosities
  15 Orb Guardians
  A Hell Sentinel (D:13)
  2 liches (Depths:1)
  A walking earthen tome (Depths:4)
  6 quicksilver dragons
  A walking frostbound tome (Depths:3)
  Mlioglotl (Swamp:2)
  4 deep elf master archers (Elf:3)
  An acid blob (Slime:3)
  4 death cobs
  5 sphinxes
  Gastronok (Lair:3)
  3 tentacled starspawn (Abyss:3)
  6 storm dragons
  2 thorn hunters
  10 shadow dragons
  2 draconian monks
  Kirke (D:11)
  Agnes (D:15)
  A revenant (Vaults:3)
  Roxanne (Elf:1)
  A fenstrider witch (Depths:2)
  An azure jelly (IceCv)
  3 tengu reavers
  A nagaraja (Abyss:3)
  4 frost giants
  2 vault wardens
  8 deep elf sorcerers
  5 fire giants
  3 emperor scorpions
  5 ghost moths
  An iron dragon (Depths:3)
  13 ironbound preservers
  2 orc warlords
  3 balrugs
  Louise (Spider:3)
  The ghost of FuzzyBarbErik the Brawler, a journeyman TrBe of Trog (Swamp:1)
  A draconian annihilator (Zot:4)
  11 very ugly things
  4 spriggan defenders
  2 formless jellyfish
  8 stone giants
  3 broodmothers (Spider:4)
  2 vampire knights
  6 ironbound thunderhulks
  3 deep elf demonologists (Elf:3)
  3 eleionomae
  4 quicksilver oozes
  3 green draconians
  4 black draconians
  Snorg (D:12)
  A lorocyproca (Abyss:3)
  5 deep elf annihilators (Elf:3)
  7 purple draconians
  A minotaur (Gauntlet)
  5 dire elephants
  2 spark wasps
  3 red draconians
  A white draconian (Zot:4)
  2 blizzard demons
  4 yellow draconians
  5 jiangshi
  A crystal guardian (Vaults:4)
  4 bunyips
  7 deep elf death magi
  A merfolk javelineer (Abyss:3)
  4 ettins
  8 deep elf high priests
  6 yaktaur captains
  5 entropy weavers
  4 fire dragons
  6 great orbs of eyes
  A shambling mangrove (Swamp:2)
  A hell beast (Gauntlet)
  12 hydras
  The ghost of IdlyInterested the Spear-Bearer, a journeyman DsFi of Makhleb (D:11)
  A spectral fenstrider witch (Swamp:1)
  2 rakshasas (Depths:1)
  A peacekeeper (Vaults:4)
  6 vault guards
  A catoblepas (D:13)
  5 ice dragons
  Erolcha (D:12)
  An ogre mage (Vaults:4)
  A jorogumo (Spider:4)
  7 boulder beetles
  2 ghost crabs
  2 radroaches (Spider:1)
  24 centaur warriors
  6 ironbound frosthearts
  3 spriggan air magi
  6 two-headed ogres
  3 alligators
  22 dancing weapons
  3 deep troll shamans
  6 tengu warriors
  A vampire mage (Depths:3)
  5 hell hogs (Depths:1)
  2 titan zombies (Depths:1)
  5 spriggan berserkers
  4 thrashing horrors (Abyss:3)
  9 demonic crawlers
  A hell knight (Depths:2)
  7 orc high priests
  15 deep elf knights
  4 soul eaters
  3 sun demons
  A spectral spriggan (Swamp:1)
  7 pharaoh ants
  6 skeletal warriors
  A sun moth (Spider:4)
  A skyshark (shapeshifter) (Depths:4)
  2 wretched stars (Abyss:3)
  2 iron trolls (Depths:3)
  A skyshark (Lair:5)
  6 goliath frogs
  2 shadow wraiths (Depths:3)
  35 deep trolls
  A sixfirhy (Depths:1)
  A spectral bunyip (Swamp:1)
  A quicksilver dragon simulacrum (Depths:3)
  7 deep elf archers
  A glowing orange brain (Depths:4)
  11 lindwurms
  A golden dragon skeleton (Depths:1)
  4 flayed ghosts
  A shadow dragon zombie (Depths:1)
  7 swamp dragons
  3 spriggan druids
  3 orb spiders
  5 wizards
  10 ironbound convokers
  7 bog bodies
  9 steelbarb worms
  A phantasmal warrior (Vaults:1)
  A fenstrider witch simulacrum (Swamp:1)
  An obsidian statue (Zot:5)
  31 deep elf pyromancers
  3 orc knights
  22 deep elf zephyrmancers
  17 wolf spiders
  20 ugly things
  6 orc sorcerers
  6 cyclopes
  A tengu skeleton (Depths:1)
  A worldbinder (Abyss:3)
  A sphinx skeleton (Depths:1)
  A frost giant zombie (Depths:1)
  A mana viper (shapeshifter) (Vaults:3)
  3 manticores
  4 will-o-the-wisps
  3 fire giant skeletons (Depths:1)
  28 moths of wrath
  14 vault sentinels
  An apocalypse crab (Abyss:3)
  A guardian serpent (Abyss:3)
  A rust devil (Depths:1)
  2 eyes of devastation
  7 elephants (Lair:2)
  A guardian serpent (shapeshifter) (D:15)
  3 ice statues
  4 black mambas
  A torpor snail (shapeshifter) (Vaults:1)
  6 smoke demons
  3 rime drakes
  9 cane toads
  2 unseen horrors
  5 freezing wraiths
  18 yaktaurs
  A yaktaur (shapeshifter) (D:14)
  Psyche (D:10)
  2 bunyip simulacra (Swamp:1)
  An ancient zyme (Abyss:3)
  A kobold demonologist (D:12)
  11 komodo dragons
  8 trolls
  A tengu conjurer (Depths:3)
  A bloated husk (Swamp:1)
  A queen bee (Spider:3)
  A hellwing (Depths:1)
  10 meliai
  4 polar bears (Lair:5)
  A wolf spider simulacrum (D:11)
  4 tyrant leeches
  13 hornets
  4 raiju (Abyss:3)
  2 tarantellas (shapeshifter)
  19 blink frogs
  Grinder (D:3)
  6 dream sheep (Lair:4)
  23 tarantellas
  2 spriggan zombies (Depths:1)
  18 jumping spiders
  3 water elementals
  2 flying skulls (Depths:1)
  3 large abominations (Abyss:3)
  2 air elementals (Elf:1)
  2 spriggan skeletons (Depths:1)
  23 culicivoras
  21 spriggans
  34 slime creatures
  3 shadows
  4 wyverns
  A vampire (D:12)
  7 wraiths
  3 nameless horrors
  2 ynoxinuls (Abyss:3)
  2 hogs
  5 fire elementals
  33 yaks
  3 small abominations (Abyss:3)
  34 redbacks
  2 golden eyes (Slime:2)
  17 vampire mosquitoes
  3 basilisks
  2 neqoxecs
  Grum (D:8)
  A steam dragon (Lair:5)
  3 chaos spawn
  A harpy simulacrum (Abyss:3)
  12 swamp worms
  A glowing shapeshifter zombie (Depths:1)
  Edmund (D:4)
  Menkaure (D:4)
  2 floating eyes (Depths:2)
  3 acid dragons
  A hell hound (Gauntlet)
  9 water moccasins
  23 orc warriors
  3 sky beasts
  4 black bears
  2 ice beasts
  5 swamp drakes
  4 great orb of eyes simulacra (IceCv)
  9 ogres
  An ogre (shapeshifter) (D:13)
  6 boggarts
  18 wolves
  17 centaurs
  3 slime creature simulacra (IceCv)
  3 kobold brigands
  10 bullfrogs
  6 earth elementals
  2 scorpions (D:6)
  6 glowing shapeshifter simulacra
  4 wights
  9 killer bees (Spider:3)
  4 howler monkeys
  4 electric eels
  A quasit (Abyss:3)
  2 jellies
  A gnoll bouda (D:5)
  24 orc priests
  5 starcursed masses (Abyss:3)
  A hound (D:6)
  Terence (D:3)
  6 iguanas
  27 orc wizards
  Natasha (thrice) (D:3)
  3 hell rats (Lair:5)
  4 shapeshifter simulacra (IceCv)
  Ijyb (D:5)
  9 gnolls (D:5)
  8 adders
  16 white imps
  2 ufetubi (D:6)
  3 worms
  A dart slug (D:1)
  77 orcs
  3 ball pythons
  5 bats
  5 endoplasms
  3 giant cockroaches
  5 hobgoblins
  3 jackals (D:2)
  3 quokkas
  2 frilled lizards (D:1)
  6 goblins
  19 kobolds
  3 rats
  A spectral goblin (D:14)
  A fire vortex (Depths:1)
  3 starspawn tentacles (Abyss:3)
1634 creatures vanquished.

Vanquished Creatures (collateral kills)
  An ancient lich (Zot:5)
  Vv (Depths:2)
  Boris (Vaults:2)
  3 Killer Klowns (Zot:5)
  2 curse toes
  2 golden dragons
  A bone dragon (Depths:4)
  An electric golem (Zot:5)
  Jorgrun (D:14)
  A hellephant (Depths:1)
  11 Orb Guardians (Zot:5)
  Asterion (Spider:2)
  A tentacled monstrosity (Depths:1)
  A walking divine tome (Depths:3)
  A deep elf blademaster (Elf:3)
  A quicksilver dragon (Zot:2)
  A death cob (Zot:4)
  2 acid blobs (Slime:2)
  A thorn hunter (Swamp:4)
  5 storm dragons
  A draconian knight (Zot:4)
  2 fire giants
  A draconian monk (Zot:5)
  A rockslime (Slime:3)
  A frost giant (Depths:1)
  3 deep elf sorcerers
  3 vault wardens
  An iron dragon (Depths:3)
  A reaper (Depths:3)
  A draconian stormcaller (Zot:5)
  A caustic shrike zombie (Depths:1)
  A draconian shifter (Zot:4)
  9 very ugly things
  A broodmother (Spider:4)
  A deep elf elementalist (Elf:3)
  4 ironbound preservers
  A green draconian (Zot:4)
  A formless jellyfish (Vaults:2)
  An eleionoma (Swamp:4)
  A black draconian (Depths:4)
  A deep elf annihilator (Elf:3)
  2 ironbound thunderhulks (Vaults:3)
  3 vampire knights
  A spark wasp (Depths:3)
  3 deep elf demonologists
  8 dire elephants (Vaults:1)
  2 purple draconians
  A yellow draconian (Zot:4)
  2 bunyips (Swamp:4)
  A white draconian (Zot:5)
  A red draconian (Zot:4)
  2 ettins
  2 entropy weavers
  2 fire dragons
  3 deep elf high priests
  3 yaktaur captains
  A rakshasa (Depths:1)
  4 hydras (Swamp:4)
  A juggernaut simulacrum (Depths:2)
  2 spriggan air magi (Depths:4)
  A jorogumo (Spider:4)
  3 centaur warriors
  A vault guard (D:13)
  A ghost crab (Swamp:4)
  2 ironbound frosthearts (Vaults:1)
  2 alligators (Swamp:4)
  5 hell hogs
  A two-headed ogre (D:13)
  A deep troll earth mage (Depths:4)
  6 tengu warriors (Depths:3)
  2 boulder beetles (D:11)
  2 demonic crawlers
  A dancing weapon (Elf:2)
  7 spriggan berserkers
  2 soul eaters
  2 sun demons (Depths:3)
  3 deep elf knights (Elf:2)
  A skyshark (Lair:2)
  A spriggan (Depths:1)
  2 pharaoh ants
  14 deep trolls
  2 skeletal warriors (Depths:3)
  A sun moth (Spider:4)
  A shadow wraith (Depths:3)
  2 spriggan druids (Swamp:4)
  2 goliath frogs
  2 quicksilver dragon simulacra
  5 orb spiders
  An ironbound convoker (Vaults:3)
  18 slime creatures
  5 lindwurms
  3 harpies (Vaults:2)
  2 steelbarb worms (Spider:4)
  3 deep elf archers
  5 swamp dragons (Swamp:4)
  3 glowing orange brains
  An orc knight (Vaults:2)
  4 deep elf pyromancers
  A necromancer (Vaults:3)
  4 deep elf zephyrmancers
  3 wolf spiders
  5 ugly things
  4 moths of wrath
  A worldbinder (Abyss:3)
  A black mamba (Lair:5)
  A vault sentinel (Vaults:3)
  2 smoke demons (Depths:2)
  8 yaktaurs
  3 rime drakes
  A freezing wraith (Depths:3)
  4 tengu conjurers
  A starcursed mass (Abyss:3)
  2 tyrant leeches (Swamp:4)
  A hellwing (Depths:1)
  2 hornets
  5 tarantellas
  5 blink frogs (Lair:5)
  9 jumping spiders
  8 culicivoras
  2 flying skulls (Depths:1)
  2 wraiths
  A basilisk (D:13)
  2 vampire mosquitoes (Swamp:1)
  10 redbacks
  5 swamp worms
  2 wargs
  A glowing shapeshifter zombie (Depths:1)
  A swamp drake (Swamp:4)
  3 ogres
  An orc warrior (Depths:2)
  3 ettin simulacra (Depths:3)
  A kobold brigand (D:11)
  An earth elemental (Elf:1)
  3 killer bees (Spider:3)
  2 orc priests
  4 orc wizards
  2 hell rats (Lair:5)
  6 orcs
  A kobold (D:11)
364 creatures vanquished.

Vanquished Creatures (others)
  An eldritch tentacle (Vaults:3)
  A deep elf death mage (Elf:3)
  A hydra (Swamp:4)
  2 spriggans
  A soul eater (Depths:2)
  A deep elf zephyrmancer (Elf:1)
  A hornet (Swamp:1)
  A sphinx simulacrum (Depths:2)
  3 bloated husks
  A frost giant simulacrum (Depths:2)
  A human (D:13)
  3 vampire mosquitoes (Swamp:1)
  A death drake simulacrum (Swamp:1)
  A swamp drake (Lair:5)
  A boggart (Gauntlet)
  An orc priest (Orc:2)
  2 orcs (Depths:2)
  A fire vortex (Depths:1)
  5 foxfires (Swamp:1)
  A lurking horror (Abyss:3)
  72 spectral weapons
  11 starspawn tentacles (Abyss:3)
113 creatures vanquished.

Grand Total: 2111 creatures vanquished

Notes
Turn   | Place    | Note
-------+----------+-------------------------------------------
     0 | D:1      | ragingrage the Gnoll Reaver began the quest for the Orb.
     0 | D:1      | Reached XP level 1. HP: 20/20 MP: 6/6
   128 | D:1      | Reached XP level 2. HP: 25/26 MP: 7/7
   862 | D:1      | Reached skill level 5 in Spellcasting
   862 | D:1      | Reached XP level 3. HP: 27/31 MP: 7/9
   904 | D:1      | Learned a level 2 spell: Momentum Strike
  1320 | D:2      | Reached skill level 1 in Invocations
  1594 | D:2      | Found Memeigia's Jewellery Emporium.
  1629 | D:2      | Reached skill level 1 in Short Blades
  1629 | D:2      | Reached skill level 1 in Long Blades
  1629 | D:2      | Reached skill level 1 in Axes
  1629 | D:2      | Reached skill level 1 in Polearms
  1629 | D:2      | Reached skill level 1 in Staves
  1629 | D:2      | Reached skill level 1 in Ranged Weapons
  1629 | D:2      | Reached skill level 1 in Throwing
  1629 | D:2      | Reached skill level 1 in Armour
  1629 | D:2      | Reached skill level 1 in Stealth
  1629 | D:2      | Reached skill level 1 in Shields
  1629 | D:2      | Reached skill level 1 in Unarmed Combat
  1629 | D:2      | Reached skill level 1 in Evocations
  1796 | D:3      | Reached XP level 4. HP: 35/35 MP: 11/11
  1907 | D:3      | Noticed Grinder
  1907 | D:3      | Paralysed by Grinder for 4 turns
  1908 | D:3      | Noticed Terence
  1994 | D:3      | Noticed Natasha
  2011 | D:3      | Reached skill level 1 in Hexes
  2011 | D:3      | Reached skill level 1 in Summonings
  2011 | D:3      | Reached skill level 1 in Necromancy
  2011 | D:3      | Reached skill level 1 in Translocations
  2011 | D:3      | Reached skill level 1 in Transmutations
  2011 | D:3      | Reached skill level 1 in Fire Magic
  2011 | D:3      | Reached skill level 1 in Ice Magic
  2011 | D:3      | Reached skill level 1 in Air Magic
  2011 | D:3      | Reached skill level 1 in Earth Magic
  2011 | D:3      | Reached skill level 1 in Poison Magic
  2023 | D:3      | Killed Natasha
  2113 | D:3      | Paralysed by Grinder for 3 turns
  2129 | D:3      | Killed Terence
  2130 | D:3      | Reached XP level 5. HP: 30/43 MP: 8/12
  2133 | D:3      | Paralysed by Grinder for 5 turns
  2141 | D:3      | Killed Grinder
  2142 | D:3      | Reached skill level 5 in Fighting
  2142 | D:3      | Reached skill level 2 in Short Blades
  2142 | D:3      | Reached skill level 5 in Dodging
  2142 | D:3      | Reached XP level 6. HP: 36/51 MP: 10/14
  2246 | D:3      | Noticed Natasha
  2257 | D:3      | Killed Natasha
  2366 | D:3      | Noticed Natasha
  2379 | D:3      | Killed Natasha
  2477 | D:3      | Found a faded altar of an unknown god.
  2477 | D:3      | Noticed a tormentor
  2734 | D:4      | Noticed Menkaure
  2755 | D:4      | Killed Menkaure
  2756 | D:4      | Reached XP level 7. HP: 56/56 MP: 13/15
  3110 | D:4      | Noticed Edmund
  3144 | D:4      | You are sucked into a shaft and drop 3 floors!
  3191 | D:7      | Learned a level 3 spell: Hailstorm
  3553 | D:6      | Found Zadoem's Jewellery Shop.
  3864 | D:6      | Reached skill level 3 in Short Blades
  3864 | D:6      | Reached XP level 8. HP: 43/63 MP: 8/16
  3987 | D:5      | Entered Level 5 of the Dungeon
  4115 | D:5      | Noticed Ijyb
  4127 | D:5      | Killed Ijyb
  5105 | D:4      | Killed Edmund
  5249 | D:5      | Found a staircase to the Ecumenical Temple.
  5267 | Temple   | Entered the Ecumenical Temple
  5445 | Temple   | Became a worshipper of Ashenzari the Shackled
  5571 | D:5      | Reached XP level 9. HP: 66/68 MP: 18/18
  5798 | D:5      | Reached skill level 4 in Short Blades
  6448 | D:6      | Found an opulent altar of Gozag.
  6611 | D:6      | Found an ancient bone altar of Kikubaaqudgha.
  6721 | D:6      | Reached skill level 5 in Invocations
  6862 | D:6      | Found a shimmering blue altar of Sif Muna.
  7939 | D:7      | Reached skill level 5 in Short Blades
  8060 | D:8      | Reached * piety under Ashenzari
  8091 | D:8      | Learned a level 2 spell: Wereblood
  8608 | D:8      | Reached skill level 5 in Long Blades
  8608 | D:8      | Reached skill level 5 in Axes
  8608 | D:8      | Reached skill level 5 in Polearms
  8608 | D:8      | Reached skill level 5 in Staves
  8608 | D:8      | Reached skill level 5 in Ranged Weapons
  8608 | D:8      | Reached skill level 5 in Throwing
  8608 | D:8      | Reached skill level 5 in Armour
  8608 | D:8      | Reached skill level 5 in Stealth
  8608 | D:8      | Reached skill level 5 in Shields
  8608 | D:8      | Reached skill level 5 in Unarmed Combat
  8608 | D:8      | Reached skill level 5 in Evocations
  8608 | D:8      | Reached XP level 10. HP: 80/80 MP: 21/21
  8648 | D:8      | Found a hazy altar of Hepliaklqana.
  9019 | D:2      | Bought a +4 ring of protection for 396 gold pieces
  9156 | D:9      | Found Falipp's Antique Armour Shop.
  9195 | D:9      | Found a staircase to the Orcish Mines.
  9330 | D:9      | Found a shadowy altar of Dithmenos.
  9616 | D:9      | Noticed Grum
  9687 | D:8      | Killed Grum
  9688 | D:8      | Reached skill level 6 in Short Blades
 10101 | D:9      | Found Beireo's Specific Store.
 10135 | D:8      | Reached ** piety under Ashenzari
 10280 | D:9      | Found Lioda's General Store.
 10405 | D:10     | Entered Level 10 of the Dungeon
 11139 | D:11     | Noticed a cyclops
 11155 | D:11     | Killed a cyclops
 11156 | D:11     | Reached skill level 7 in Short Blades
 11194 | D:11     | Found a runed translucent gate.
 11194 | D:11     | Found a runed translucent gate.
 11196 | D:11     | Found a runed translucent gate.
 11196 | D:11     | Noticed a two-headed ogre
 11197 | D:11     | Noticed IdlyInterested's ghost (journeyman DsFi)
 11201 | D:11     | Noticed a red ugly thing
 11203 | D:11     | Noticed a skeletal warrior
 11203 | D:11     | Noticed a skeletal warrior
 11367 | D:11     | Noticed a boulder beetle
 11438 | D:10     | Noticed a boulder beetle
 11481 | D:11     | Killed a boulder beetle
 11482 | D:11     | Reached skill level 5 in Hexes
 11482 | D:11     | Reached skill level 5 in Summonings
 11482 | D:11     | Reached skill level 5 in Necromancy
 11482 | D:11     | Reached skill level 5 in Translocations
 11482 | D:11     | Reached skill level 5 in Transmutations
 11482 | D:11     | Reached skill level 5 in Fire Magic
 11482 | D:11     | Reached skill level 5 in Ice Magic
 11482 | D:11     | Reached skill level 5 in Air Magic
 11482 | D:11     | Reached skill level 5 in Earth Magic
 11482 | D:11     | Reached skill level 5 in Poison Magic
 11482 | D:11     | Reached XP level 11. HP: 72/87 MP: 24/24
 12039 | D:10     | Found a staircase to the Lair.
 12079 | D:10     | Found a snail-covered altar of Cheibriados.
 12080 | D:10     | Found a white marble altar of Elyvilon.
 12165 | D:10     | Noticed Psyche
 12175 | D:10     | Killed Psyche
 12268 | Lair:1   | Entered Level 1 of the Lair of Beasts
 12401 | Lair:1   | Reached skill level 8 in Short Blades
 13523 | Lair:2   | Found a gate leading to a gauntlet.
 13532 | Gauntlet | Entered a Gauntlet
 13532 | Gauntlet | Found a transporter.
 13532 | Gauntlet | Found a runed translucent door.
 13533 | Gauntlet | Found a runed translucent door.
 13536 | Gauntlet | Noticed a catoblepas
 13537 | Gauntlet | Found a transporter.
 13541 | Gauntlet | Found a transporter.
 13545 | Gauntlet | Found a runed translucent door.
 13547 | Gauntlet | Found a runed translucent door.
 13547 | Gauntlet | Noticed a worldbinder
 13549 | Gauntlet | Found a transporter.
 13553 | Gauntlet | Found a transporter.
 13556 | Gauntlet | Noticed a fire crab
 13561 | Gauntlet | Found a transporter.
 13565 | Gauntlet | Found a transporter.
 13567 | Gauntlet | Noticed a hell beast
 13577 | Gauntlet | Found a transporter.
 13581 | Gauntlet | Found a transporter.
 13585 | Gauntlet | Found a transporter.
 13585 | Gauntlet | Noticed a green death
 13608 | Gauntlet | Found a transporter.
 13620 | Gauntlet | Found a transporter.
 13633 | Gauntlet | Found a transporter.
 13646 | Gauntlet | Found a transporter.
 13669 | Gauntlet | Identified Sif Muna's Octavo of Ignition
 13669 | Gauntlet | Identified Sif Muna's Exposition on Vapour
 13669 | Gauntlet | Identified Sif Muna's Precepts of Destruction
 13718 | Gauntlet | Noticed a wolf spider
 13786 | Gauntlet | Killed a hell beast
 13787 | Gauntlet | Reached skill level 9 in Short Blades
 13787 | Gauntlet | Reached XP level 12. HP: 55/99 MP: 27/27
 13836 | Gauntlet | Identified the amulet of Lexaiwn {rElec rF- Regen+ Str+3
                  | Dex+6}
 13836 | Gauntlet | Noticed a minotaur
 13846 | Gauntlet | Killed a minotaur
 13964 | Gauntlet | Identified the Enchiridion on Shades and the Excursion
 14078 | Lair:2   | Learned a level 5 spell: Yara's Violent Unravelling
 14191 | Lair:2   | Reached skill level 10 in Maces & Flails
 14279 | Lair:2   | Noticed a boulder beetle
 14308 | Lair:2   | Killed a boulder beetle
 14498 | Lair:2   | Reached skill level 10 in Short Blades
 14529 | Lair:2   | Noticed a skyshark
 14540 | Lair:2   | Killed a skyshark
 14978 | Lair:2   | Reached *** piety under Ashenzari
 15232 | Lair:3   | Found a frozen archway.
 15392 | IceCv    | Entered an ice cave
 15443 | IceCv    | Noticed a quicksilver ooze
 15447 | IceCv    | Killed a quicksilver ooze
 15655 | IceCv    | Reached XP level 13. HP: 87/111 MP: 30/30
 15886 | IceCv    | Reached **** piety under Ashenzari
 15974 | IceCv    | Noticed a quicksilver ooze
 15978 | IceCv    | Killed a quicksilver ooze
 16733 | IceCv    | Found a viscous altar of Jiyva.
 16733 | IceCv    | Noticed an azure jelly
 16740 | IceCv    | Killed an azure jelly
 16762 | IceCv    | Noticed a quicksilver ooze
 16770 | IceCv    | Killed a quicksilver ooze
 16771 | IceCv    | Reached skill level 11 in Short Blades
 16856 | IceCv    | Identified the +7 dagger "Kelaik" {freeze, *Noise rF+++
                  | Str+3 SInv}
 17088 | Lair:3   | Found a hole to the Spider Nest.
 17167 | Lair:3   | Reached skill level 10 in Spellcasting
 17209 | Lair:3   | Noticed Gastronok
 17274 | Lair:3   | Killed Gastronok
 18387 | Lair:4   | Reached skill level 10 in Fighting
 18387 | Lair:4   | Reached skill level 10 in Dodging
 19011 | Lair:5   | Entered Level 5 of the Lair of Beasts
 19318 | Lair:5   | Reached XP level 14. HP: 113/123 MP: 33/33
 19318 | Lair:5   | Reached skill level 12 in Short Blades
 19318 | Lair:5   | Reached skill level 10 in Invocations
 19318 | Lair:5   | Reached XP level 15. HP: 118/129 MP: 34/34
 19534 | Lair:5   | Paralysed by a hornet for 2 turns
 19619 | Lair:5   | Identified Rodwoxze's Anthology of the Doomed Xenotype
 19738 | Lair:5   | Learned a level 6 spell: Death Channel
 19746 | Lair:5   | Found a viscous altar of Jiyva.
 19747 | Lair:5   | Found a staircase to the Slime Pits.
 20565 | Lair:5   | Learned a level 2 spell: Blink
 20737 | Orc:1    | Entered Level 1 of the Orcish Mines
 21362 | Orc:2    | Entered Level 2 of the Orcish Mines
 21380 | Orc:2    | Reached skill level 10 in Conjurations
 21478 | Orc:2    | Reached skill level 13 in Short Blades
 21661 | Orc:2    | Reached skill level 10 in Long Blades
 21661 | Orc:2    | Reached skill level 10 in Axes
 21661 | Orc:2    | Reached skill level 10 in Polearms
 21661 | Orc:2    | Reached skill level 10 in Staves
 21661 | Orc:2    | Reached skill level 10 in Ranged Weapons
 21661 | Orc:2    | Reached skill level 10 in Throwing
 21661 | Orc:2    | Reached skill level 10 in Armour
 21661 | Orc:2    | Reached skill level 10 in Stealth
 21661 | Orc:2    | Reached skill level 10 in Shields
 21661 | Orc:2    | Reached skill level 10 in Unarmed Combat
 21661 | Orc:2    | Reached skill level 10 in Evocations
 22090 | Orc:2    | Found a staircase to the Elven Halls.
 22095 | Orc:2    | Found Veinar's Jewellery Boutique.
 22238 | Orc:2    | Found Wogarch's Assorted Antiques.
 22238 | Orc:2    | Found Weymp's Armour Boutique.
 22239 | Orc:2    | Found Macwul's Distillery.
 22243 | Orc:2    | Found Igoari's Assorted Antiques.
 22260 | Orc:2    | Bought a scroll labelled YDIKLASHOL for 27 gold pieces
 22263 | Orc:2    | Bought a potion of haste for 130 gold pieces
 23080 | D:9      | Bought a pair of polished boots for 323 gold pieces
 23080 | D:9      | Identified the +0 pair of boots of Rapt {*Corrode +Inv
                  | Str+2 SInv} (You bought it in a shop on level 9 of the
                  | Dungeon)
 23874 | D:12     | Noticed Erolcha
 23881 | D:12     | Killed Erolcha
 23947 | D:12     | Reached ***** piety under Ashenzari
 24662 | D:13     | Noticed Urug
 24662 | D:13     | Identified the +6 mace of Casis {spect, rElec rN+++ Will-
                  | Dex-5}
 24746 | D:13     | Noticed Snorg
 24748 | D:13     | Noticed Kirke
 24757 | D:12     | Killed Snorg
 24855 | D:11     | Identified the cursed +4 war axe of the Lashed Sky {freeze,
                  | Fort, Comp} (You took it off an orc on level 1 of the
                  | Orcish Mines)
 24855 | D:11     | Identified the cursed +0 cloak "Overhang to Understand"
                  | {Elem, Evo} (You found it on level 5 of the Dungeon)
 24855 | D:11     | Identified the cursed +2 pair of gloves of Supernal Wisdom
                  | {Elem, Self} (You found it on level 4 of the Dungeon)
 24855 | D:11     | Identified the cursed +2 pair of boots of the Circumscribed
                  | Sky {Comp, Melee} (You found it on level 9 of the Dungeon)
 24855 | D:11     | Identified the cursed +0 buckler "Ruined Disgust" {Self,
                  | Comp} (You found it on level 4 of the Dungeon)
 24855 | D:11     | Identified the cursed ring "Bound With Me" {EV+5, Self,
                  | Melee} (You found it on level 2 of the Dungeon)
 24950 | D:12     | Noticed a sphinx
 24965 | D:11     | Killed Kirke
 24966 | D:11     | Reached XP level 16. HP: 93/137 MP: 35/35
 25956 | D:13     | Urug changed into Urug the eye of devastation
 25956 | D:13     | Noticed Urug
 25961 | D:13     | Killed Urug the eye of devastation
 26164 | D:12     | Reached skill level 14 in Short Blades
 26875 | D:13     | Found a gate to the Vaults.
 26964 | D:13     | Found the crystal ball of Wucad Mu {*channel}
 27188 | D:14     | Noticed Jorgrun
 27230 | D:14     | Killed Jorgrun
 27398 | D:14     | Learned a level 5 spell: Iskenderun's Battlesphere
 27404 | D:14     | Learned a level 5 spell: Fireball
 27780 | D:14     | Found a hazy altar of Hepliaklqana.
 27893 | D:15     | Entered Level 15 of the Dungeon
 28043 | D:15     | Noticed Agnes
 28047 | D:15     | Killed Agnes
 28376 | D:15     | Found a shimmering altar of Xom.
 28886 | D:15     | Found a staircase to the Depths.
 29196 | Spider:1 | Entered Level 1 of the Spider Nest
 30556 | Spider:1 | Reached skill level 15 in Short Blades
 31075 | Spider:2 | Noticed Asterion
 31080 | Spider:2 | Killed Asterion
 31081 | Spider:2 | Reached XP level 17. HP: 145/145 MP: 37/37
 31962 | Spider:3 | Found the necklace of Bloodlust {Fury *Rage Will++ Int-3
                  | Slay+6}
 32578 | Spider:3 | Noticed Louise
 32589 | Spider:3 | Killed Louise
 32590 | Spider:3 | Reached skill level 10 in Hexes
 32590 | Spider:3 | Reached skill level 10 in Summonings
 32590 | Spider:3 | Reached skill level 10 in Necromancy
 32590 | Spider:3 | Reached skill level 10 in Translocations
 32590 | Spider:3 | Reached skill level 10 in Transmutations
 32590 | Spider:3 | Reached skill level 10 in Fire Magic
 32590 | Spider:3 | Reached skill level 10 in Ice Magic
 32590 | Spider:3 | Reached skill level 10 in Air Magic
 32590 | Spider:3 | Reached skill level 10 in Earth Magic
 32590 | Spider:3 | Reached skill level 10 in Poison Magic
 32811 | Spider:3 | Learned a level 6 spell: Leda's Unmaking
 32819 | Spider:3 | Learned a level 7 spell: Spellforged Servitor
 33152 | Spider:4 | Entered Level 4 of the Spider Nest
 33277 | Spider:4 | Reached skill level 16 in Short Blades
 33791 | Spider:4 | Reached XP level 18. HP: 157/157 MP: 40/40
 33964 | Spider:4 | Identified the orb of Absence {mayhem, rF+}
 33979 | Spider:4 | Got a gossamer rune of Zot
 34284 | Lair:3   | Found a staircase to the Swamp.
 34316 | Swamp:1  | Entered Level 1 of the Swamp
 34319 | Swamp:1  | Noticed Nikola
 34416 | Swamp:1  | Killed Nikola
 34837 | Swamp:1  | Found a transporter.
 34842 | Swamp:1  | Found a transporter.
 34875 | Swamp:1  | Noticed FuzzyBarbErik's ghost (journeyman TrBe)
 35492 | Swamp:2  | Noticed Mlioglotl
 35513 | Swamp:2  | Killed Mlioglotl
 35514 | Swamp:2  | Reached skill level 17 in Short Blades
 36508 | Swamp:4  | Entered Level 4 of the Swamp
 36508 | Swamp:4  | Noticed a tentacled monstrosity
 36516 | Swamp:4  | Killed a tentacled monstrosity
 36704 | Swamp:4  | Reached XP level 19. HP: 112/165 MP: 29/41
 37175 | Swamp:4  | Got a decaying rune of Zot
 37744 | Elf:1    | Entered Level 1 of the Elven Halls
 38203 | D:11     | Killed IdlyInterested's ghost
 38516 | Elf:1    | Identified Roxanne's Omnibus of Quicksand
 38516 | Elf:1    | Noticed Roxanne
 38562 | Elf:1    | Killed Roxanne
 38924 | Abyss:3  | Cast into level 3 of the Abyss (a deep elf sorcerer)
 38942 | Abyss:3  | Found a corrupted altar of Lugonu.
 39012 | Abyss:3  | Reached skill level 18 in Short Blades
 39319 | Abyss:3  | Got an abyssal rune of Zot
 39412 | Abyss:3  | Noticed a hellephant
 39565 | Elf:1    | Escaped the Abyss
 39601 | Elf:1    | Reached skill level 15 in Maces & Flails
 40352 | Elf:2    | Paralysed by an air elemental for 1 turns
 40419 | Elf:2    | Reached XP level 20. HP: 147/172 MP: 40/43
 40612 | Elf:2    | Reached skill level 15 in Invocations
 40813 | Elf:2    | Found an ancient bone altar of Kikubaaqudgha.
 41025 | Elf:2    | Found a runed translucent gate.
 41026 | Elf:2    | Found a runed translucent gate.
 41026 | Elf:2    | Found a runed translucent gate.
 41151 | Elf:3    | Entered Level 3 of the Elven Halls
 41468 | Elf:3    | Noticed Bai Suzhen
 41487 | Elf:3    | Killed Bai Suzhen
 41534 | Elf:3    | Found a portal to a secret trove of treasure.
 41543 | Elf:3    | Found a radiant altar of Vehumet.
 42147 | Elf:3    | Reached skill level 19 in Short Blades
 42174 | Elf:3    | Reached skill level 15 in Spellcasting
 42331 | Elf:3    | Reached skill level 15 in Fighting
 42331 | Elf:3    | Reached skill level 15 in Dodging
 42784 | Elf:3    | Identified the ring "Nyfucez" {MP+9 Dex+3}
 42784 | Elf:3    | Identified the +7 plate armour of Philately {-Cast rC+ rN++
                  | Regen+}
 42785 | Elf:3    | Identified the Compilation of Detritus
 42843 | Elf:3    | Learned a level 5 spell: Borgnjor's Vile Clutch
 42864 | Elf:3    | Learned a level 7 spell: Malign Gateway
 42881 | Elf:3    | Identified the +4 leather armour of the Sky {Rampage rElec
                  | rPois}
 42883 | Elf:3    | Found the +2 hat of the Bear Spirit {Spirit, Bear, *Rage
                  | Will++}
 42884 | Elf:3    | Identified the +3 leather armour of Mysticism {rElec rN++
                  | Str-3 SInv}
 43364 | Vaults:1 | Entered Level 1 of the Vaults
 43444 | Vaults:1 | Reached XP level 21. HP: 174/183 MP: 40/45
 45002 | Vaults:1 | Found Irighi's Jewellery Shoppe.
 45080 | Vaults:1 | Bought the ring of Kelan {rElec rC+ rN+ rCorr MP+9} for 812
                  | gold pieces
 45715 | Vaults:2 | Noticed Jory
 45716 | Vaults:2 | Reached skill level 20 in Short Blades
 45732 | Vaults:2 | Killed Jory
 46343 | Vaults:2 | Reached skill level 15 in Long Blades
 46343 | Vaults:2 | Reached skill level 15 in Axes
 46343 | Vaults:2 | Reached skill level 15 in Polearms
 46343 | Vaults:2 | Reached skill level 15 in Staves
 46343 | Vaults:2 | Reached skill level 15 in Ranged Weapons
 46343 | Vaults:2 | Reached skill level 15 in Throwing
 46343 | Vaults:2 | Reached skill level 15 in Armour
 46343 | Vaults:2 | Reached skill level 15 in Stealth
 46343 | Vaults:2 | Reached skill level 15 in Shields
 46343 | Vaults:2 | Reached skill level 15 in Unarmed Combat
 46343 | Vaults:2 | Reached skill level 15 in Evocations
 46433 | Vaults:2 | Noticed Xtahua
 46458 | Vaults:2 | Killed Xtahua
 46480 | Vaults:2 | Reached XP level 22. HP: 185/185 MP: 26/44
 46481 | Vaults:2 | Noticed Boris
 46488 | Vaults:2 | Killed Boris
 46923 | Vaults:3 | Noticed Boris
 46931 | Vaults:3 | Killed Boris
 47215 | Vaults:3 | Found a staircase to the Crypt.
 47285 | Vaults:3 | Paralysed by a great orb of eyes for 4 turns
 47815 | Vaults:4 | Found Ophomnof's Assorted Antiques.
 48382 | Vaults:4 | Reached skill level 21 in Short Blades
 48886 | Depths:1 | Entered Level 1 of the Depths
 49072 | Depths:1 | Found a hazy altar of Hepliaklqana.
 49243 | Depths:1 | Reached XP level 23. HP: 121/200 MP: 43/48
 49423 | Depths:1 | Paralysed by a vampire knight for 3 turns
 49639 | Depths:1 | Found a one-way gate to the infinite horrors of the Abyss.
 49743 | Depths:1 | Found a one-way gate leading to the halls of Pandemonium.
 50109 | Depths:1 | Found a sacrificial altar of Ru.
 50242 | Depths:1 | Found a gateway to Hell.
 50791 | Depths:2 | Found a glowing golden altar of the Shining One.
 50848 | Depths:2 | Identified the staff of Checkmate {rC+ Will+ Dex-2 Stlth+
                  | Ice}
 50848 | Depths:2 | Identified the ring "Qatiegin" {Ice Will++ SInv}
 50848 | Depths:2 | Noticed Josephina
 50865 | Depths:2 | Killed Josephina
 51097 | Depths:2 | Identified the +8 quarterstaff of Objectivity {venom,
                  | Int+4}
 51152 | Depths:2 | Noticed Vv
 51167 | Depths:2 | Killed Vv
 51380 | Depths:2 | Noticed Saint Roka
 51382 | Depths:2 | Paralysed by an orc sorcerer for 4 turns
 51400 | Depths:2 | Noticed a dread lich
 51409 | Depths:2 | Killed a dread lich
 51412 | Depths:2 | Killed Saint Roka
 52023 | Depths:3 | Reached skill level 22 in Short Blades
 52225 | Depths:3 | Found a basalt altar of Yredelemnul.
 52283 | Depths:3 | Noticed a juggernaut
 52290 | Depths:3 | Killed a juggernaut
 52291 | Depths:3 | Reached XP level 24. HP: 210/210 MP: 43/49
 52306 | Depths:3 | Reached skill level 15 in Conjurations
 52494 | Depths:3 | Found a bloodstained altar of Trog.
 52539 | Depths:3 | Identified the +7 plate armour "Mujaup" {-Cast +Blink rN+}
 52595 | Depths:3 | Found a blossoming altar of Fedhas.
 52598 | Depths:3 | Found a one-way gateway to a ziggurat.
 52635 | Depths:3 | Identified the ring "Fiv Virrug" {Drain *Slow rPois rCorr
                  | Str+6}
 52736 | Depths:3 | Found a hide-covered altar of Uskayaw.
 52963 | Depths:3 | Learned a level 3 spell: Swiftness
 52966 | Depths:3 | Learned a level 2 spell: Passwall
 53390 | Depths:4 | Entered Level 4 of the Depths
 53763 | Depths:4 | Reached ****** piety under Ashenzari
 53771 | Depths:4 | Identified the cursed +9 demon trident of Ashenzari's
                  | Secrets {spect, Bglg, Self} (You took it off Asterion on
                  | level 2 of the Spider Nest)
 53793 | Depths:4 | Identified the cursed +9 demon trident of Ashenzari's
                  | Secrets {spect, Bglg, Self} (You took it off Asterion on
                  | level 2 of the Spider Nest)
 53795 | Depths:4 | Identified the cursed +9 demon trident of Ashenzari's
                  | Secrets {spect, Bglg, Self} (You took it off Asterion on
                  | level 2 of the Spider Nest)
 53797 | Depths:4 | Identified the cursed +9 demon trident of Ashenzari's
                  | Secrets {spect, Bglg, Self} (You took it off Asterion on
                  | level 2 of the Spider Nest)
 53804 | Depths:4 | Identified the cursed +9 demon trident of Ashenzari's
                  | Secrets {spect, Bglg, Self} (You took it off Asterion on
                  | level 2 of the Spider Nest)
 53812 | Depths:4 | Identified the cursed +9 demon trident of Ashenzari's
                  | Secrets {spect, Bglg, Self} (You took it off Asterion on
                  | level 2 of the Spider Nest)
 53816 | Depths:4 | Identified the cursed +9 demon trident of Ashenzari's
                  | Secrets {spect, Bglg, Self} (You took it off Asterion on
                  | level 2 of the Spider Nest)
 53847 | Depths:4 | Noticed the Enchantress
 53853 | Depths:4 | Identified the cursed +9 demon trident of Ashenzari's
                  | Secrets {spect, Bglg, Self} (You took it off Asterion on
                  | level 2 of the Spider Nest)
 53854 | Depths:4 | Killed the Enchantress
 53855 | Depths:4 | Identified the cursed +9 demon trident of Ashenzari's
                  | Secrets {spect, Bglg, Self} (You took it off Asterion on
                  | level 2 of the Spider Nest)
 53860 | Depths:4 | Identified the cursed +9 demon trident of Ashenzari's
                  | Secrets {spect, Bglg, Self} (You took it off Asterion on
                  | level 2 of the Spider Nest)
 53920 | Depths:4 | Identified the cursed +9 demon trident of Ashenzari's
                  | Secrets {spect, Bglg, Self} (You took it off Asterion on
                  | level 2 of the Spider Nest)
 53991 | Depths:4 | Identified the cursed +9 demon trident of Ashenzari's
                  | Secrets {spect, Bglg, Self} (You took it off Asterion on
                  | level 2 of the Spider Nest)
 53995 | Depths:4 | Identified the cursed +9 demon trident of Ashenzari's
                  | Secrets {spect, Bglg, Self} (You took it off Asterion on
                  | level 2 of the Spider Nest)
 53998 | Depths:4 | Identified the cursed +9 demon trident of Ashenzari's
                  | Secrets {spect, Bglg, Self} (You took it off Asterion on
                  | level 2 of the Spider Nest)
 54055 | Depths:4 | Identified the cursed +9 demon trident of Ashenzari's
                  | Secrets {spect, Bglg, Self} (You took it off Asterion on
                  | level 2 of the Spider Nest)
 54059 | Depths:4 | Identified the cursed +9 demon trident of Ashenzari's
                  | Secrets {spect, Bglg, Self} (You took it off Asterion on
                  | level 2 of the Spider Nest)
 54061 | Depths:4 | Identified the cursed +9 demon trident of Ashenzari's
                  | Secrets {spect, Bglg, Self} (You took it off Asterion on
                  | level 2 of the Spider Nest)
 54063 | Depths:4 | Identified the cursed +9 demon trident of Ashenzari's
                  | Secrets {spect, Bglg, Self} (You took it off Asterion on
                  | level 2 of the Spider Nest)
 54070 | Depths:4 | Identified the cursed +9 demon trident of Ashenzari's
                  | Secrets {spect, Bglg, Self} (You took it off Asterion on
                  | level 2 of the Spider Nest)
 54072 | Depths:4 | Identified the cursed +9 demon trident of Ashenzari's
                  | Secrets {spect, Bglg, Self} (You took it off Asterion on
                  | level 2 of the Spider Nest)
 54080 | Depths:4 | Identified the cursed +9 demon trident of Ashenzari's
                  | Secrets {spect, Bglg, Self} (You took it off Asterion on
                  | level 2 of the Spider Nest)
 54083 | Depths:4 | Identified the cursed +9 demon trident of Ashenzari's
                  | Secrets {spect, Bglg, Self} (You took it off Asterion on
                  | level 2 of the Spider Nest)
 54128 | Depths:4 | Identified the cursed +9 demon trident of Ashenzari's
                  | Secrets {spect, Bglg, Self} (You took it off Asterion on
                  | level 2 of the Spider Nest)
 54143 | Depths:4 | Identified the cursed +9 demon trident of Ashenzari's
                  | Secrets {spect, Bglg, Self} (You took it off Asterion on
                  | level 2 of the Spider Nest)
 54160 | Depths:4 | Identified the +3 scale mail of Supple Strength {rC+ Int+4
                  | Dex+3}
 54170 | Depths:4 | Identified the cursed +9 demon trident of Ashenzari's
                  | Secrets {spect, Bglg, Self} (You took it off Asterion on
                  | level 2 of the Spider Nest)
 54172 | Depths:4 | Identified the cursed +9 demon trident of Ashenzari's
                  | Secrets {spect, Bglg, Self} (You took it off Asterion on
                  | level 2 of the Spider Nest)
 54175 | Depths:4 | Identified the cursed +9 demon trident of Ashenzari's
                  | Secrets {spect, Bglg, Self} (You took it off Asterion on
                  | level 2 of the Spider Nest)
 54178 | Depths:4 | Identified the cursed +9 demon trident of Ashenzari's
                  | Secrets {spect, Bglg, Self} (You took it off Asterion on
                  | level 2 of the Spider Nest)
 54183 | Depths:4 | Identified the cursed +9 demon trident of Ashenzari's
                  | Secrets {spect, Bglg, Self} (You took it off Asterion on
                  | level 2 of the Spider Nest)
 54186 | Depths:4 | Identified the cursed +9 demon trident of Ashenzari's
                  | Secrets {spect, Bglg, Self} (You took it off Asterion on
                  | level 2 of the Spider Nest)
 54218 | Depths:4 | Identified the cursed +9 demon trident of Ashenzari's
                  | Secrets {spect, Bglg, Self} (You took it off Asterion on
                  | level 2 of the Spider Nest)
 54262 | Depths:4 | Identified the cursed +9 demon trident of Ashenzari's
                  | Secrets {spect, Bglg, Self} (You took it off Asterion on
                  | level 2 of the Spider Nest)
 54298 | Depths:4 | Found a gate to the Realm of Zot.
 54461 | Depths:4 | Found a runed translucent gate.
 54461 | Depths:4 | Found a runed translucent gate.
 54462 | Depths:4 | Found a runed translucent gate.
 54463 | Depths:4 | Noticed Xutext's ghost (adept DsAK)
 54498 | Depths:4 | Identified the cursed +9 demon trident of Ashenzari's
                  | Secrets {spect, Bglg, Self} (You took it off Asterion on
                  | level 2 of the Spider Nest)
 54507 | Depths:4 | Killed Xutext's ghost
 54633 | Depths:1 | Identified the cursed +9 demon trident of Ashenzari's
                  | Secrets {spect, Bglg, Self} (You took it off Asterion on
                  | level 2 of the Spider Nest)
 54934 | Swamp:1  | Identified the cursed +9 demon trident of Ashenzari's
                  | Secrets {spect, Bglg, Self} (You took it off Asterion on
                  | level 2 of the Spider Nest)
 54936 | Swamp:1  | Identified the cursed +9 demon trident of Ashenzari's
                  | Secrets {spect, Bglg, Self} (You took it off Asterion on
                  | level 2 of the Spider Nest)
 54939 | Swamp:1  | Identified the cursed +9 demon trident of Ashenzari's
                  | Secrets {spect, Bglg, Self} (You took it off Asterion on
                  | level 2 of the Spider Nest)
 54941 | Swamp:1  | Identified the cursed +9 demon trident of Ashenzari's
                  | Secrets {spect, Bglg, Self} (You took it off Asterion on
                  | level 2 of the Spider Nest)
 54943 | Swamp:1  | Identified the cursed +9 demon trident of Ashenzari's
                  | Secrets {spect, Bglg, Self} (You took it off Asterion on
                  | level 2 of the Spider Nest)
 54946 | Swamp:1  | Identified the cursed +9 demon trident of Ashenzari's
                  | Secrets {spect, Bglg, Self} (You took it off Asterion on
                  | level 2 of the Spider Nest)
 54948 | Swamp:1  | Identified the cursed +9 demon trident of Ashenzari's
                  | Secrets {spect, Bglg, Self} (You took it off Asterion on
                  | level 2 of the Spider Nest)
 54951 | Swamp:1  | Identified the cursed +9 demon trident of Ashenzari's
                  | Secrets {spect, Bglg, Self} (You took it off Asterion on
                  | level 2 of the Spider Nest)
 54955 | Swamp:1  | Identified the cursed +9 demon trident of Ashenzari's
                  | Secrets {spect, Bglg, Self} (You took it off Asterion on
                  | level 2 of the Spider Nest)
 54957 | Swamp:1  | Identified the cursed +9 demon trident of Ashenzari's
                  | Secrets {spect, Bglg, Self} (You took it off Asterion on
                  | level 2 of the Spider Nest)
 54960 | Swamp:1  | Killed FuzzyBarbErik's ghost
 55668 | Vaults:1 | Bought the ring of the Hare {EV+10} for 1536 gold pieces
 55668 | Vaults:1 | Found the ring of the Hare {EV+10}
 55931 | Slime:1  | Entered Level 1 of the Pits of Slime
 55935 | Slime:1  | Identified the cursed +9 demon trident of Ashenzari's
                  | Secrets {spect, Bglg, Self} (You took it off Asterion on
                  | level 2 of the Spider Nest)
 55938 | Slime:1  | Identified the cursed +9 demon trident of Ashenzari's
                  | Secrets {spect, Bglg, Self} (You took it off Asterion on
                  | level 2 of the Spider Nest)
 56017 | Slime:2  | Identified the cursed +9 demon trident of Ashenzari's
                  | Secrets {spect, Bglg, Self} (You took it off Asterion on
                  | level 2 of the Spider Nest)
 56020 | Slime:2  | Identified the cursed +9 demon trident of Ashenzari's
                  | Secrets {spect, Bglg, Self} (You took it off Asterion on
                  | level 2 of the Spider Nest)
 56024 | Slime:2  | Identified the cursed +9 demon trident of Ashenzari's
                  | Secrets {spect, Bglg, Self} (You took it off Asterion on
                  | level 2 of the Spider Nest)
 56050 | Slime:2  | Identified the cursed +9 demon trident of Ashenzari's
                  | Secrets {spect, Bglg, Self} (You took it off Asterion on
                  | level 2 of the Spider Nest)
 56053 | Slime:2  | Identified the cursed +9 demon trident of Ashenzari's
                  | Secrets {spect, Bglg, Self} (You took it off Asterion on
                  | level 2 of the Spider Nest)
 56152 | Slime:2  | Identified the cursed +9 demon trident of Ashenzari's
                  | Secrets {spect, Bglg, Self} (You took it off Asterion on
                  | level 2 of the Spider Nest)
 56157 | Slime:2  | Identified the cursed +9 demon trident of Ashenzari's
                  | Secrets {spect, Bglg, Self} (You took it off Asterion on
                  | level 2 of the Spider Nest)
 56271 | Slime:2  | Identified the cursed +9 demon trident of Ashenzari's
                  | Secrets {spect, Bglg, Self} (You took it off Asterion on
                  | level 2 of the Spider Nest)
 56272 | Slime:2  | Identified the cursed +9 demon trident of Ashenzari's
                  | Secrets {spect, Bglg, Self} (You took it off Asterion on
                  | level 2 of the Spider Nest)
 56277 | Slime:2  | Identified the cursed +9 demon trident of Ashenzari's
                  | Secrets {spect, Bglg, Self} (You took it off Asterion on
                  | level 2 of the Spider Nest)
 56557 | Slime:3  | Identified the cursed +9 demon trident of Ashenzari's
                  | Secrets {spect, Bglg, Self} (You took it off Asterion on
                  | level 2 of the Spider Nest)
 56565 | Slime:3  | Reached skill level 23 in Short Blades
 56566 | Slime:3  | Identified the cursed +9 demon trident of Ashenzari's
                  | Secrets {spect, Bglg, Self} (You took it off Asterion on
                  | level 2 of the Spider Nest)
 56568 | Slime:3  | Identified the cursed +9 demon trident of Ashenzari's
                  | Secrets {spect, Bglg, Self} (You took it off Asterion on
                  | level 2 of the Spider Nest)
 56570 | Slime:3  | Reached XP level 25. HP: 212/219 MP: 48/49
 56638 | Slime:3  | Upgraded the game from 0.31-a0-187-gba352fbbf7 to
                  | 0.31-a0-188-g5e087ee2ca
 56771 | Slime:3  | Learned a level 7 spell: Dragon Form
 56826 | Lair:5   | Identified the cursed +9 demon trident of Ashenzari's
                  | Secrets {spect, Bglg, Self} (You took it off Asterion on
                  | level 2 of the Spider Nest)
 56826 | Lair:5   | Identified the cursed +2 helmet of Ashenzari's Dismay
                  | {Int+3, Comp, Fort} (You found it on level 3 of the Elven
                  | Halls)
 56826 | Lair:5   | Identified the cursed +2 tower shield "Ensconced Together"
                  | {rC+, Self, Evo} (You found it in an ice cave)
 56826 | Lair:5   | Identified the cursed +4 troll leather armour of
                  | Ashenzari's Sophism {Regen+, Cun, Fort} (You found it on
                  | level 11 of the Dungeon)
 57206 | Zot:1    | Entered Level 1 of the Realm of Zot
 57393 | Zot:1    | Found the +3 Mad Mage's Maulers {Infuse+∞ VampMP -Cast}
 58932 | Zot:2    | Found a transporter.
 58943 | Zot:2    | Found a transporter.
 58985 | Zot:2    | Found a transporter.
 59001 | Zot:2    | Found a transporter.
 59336 | Zot:3    | Found a runed translucent gate.
 59336 | Zot:3    | Found a runed translucent gate.
 59337 | Zot:3    | Found a runed translucent gate.
 59339 | Zot:3    | Noticed Toid's ghost (veteran OgBe)
 59339 | Zot:3    | Identified the +6 dagger "Lueteah" {elec, *Rage rElec
                  | Dex+6}
 59593 | Zot:3    | Identified the cursed +2 cloak "Behold Eternity" {Bglg,
                  | Cun} (You took it off a draconian monk on level 4 of the
                  | Depths)
 60101 | Zot:3    | Killed Toid's ghost
 60150 | Zot:4    | Identified the -1 pair of gloves of Living Music {rF-
                  | Dex+4}
 60151 | Zot:4    | Found a transporter.
 60154 | Zot:4    | Identified the staff "Heenup" {rElec rCorr MP+9 Air}
 60201 | Zot:4    | Noticed an orb of fire
 60223 | Zot:4    | Reached skill level 15 in Hexes
 60223 | Zot:4    | Reached skill level 15 in Summonings
 60223 | Zot:4    | Reached skill level 15 in Necromancy
 60223 | Zot:4    | Reached skill level 15 in Translocations
 60223 | Zot:4    | Reached skill level 15 in Transmutations
 60223 | Zot:4    | Reached skill level 15 in Fire Magic
 60223 | Zot:4    | Reached skill level 15 in Ice Magic
 60223 | Zot:4    | Reached skill level 15 in Air Magic
 60223 | Zot:4    | Reached skill level 15 in Earth Magic
 60223 | Zot:4    | Reached skill level 15 in Poison Magic
 60283 | Zot:4    | Noticed an orb of fire
 60830 | Zot:5    | Entered Level 5 of the Realm of Zot
 61616 | Zot:5    | Reached XP level 26. HP: 222/228 MP: 50/50
 61861 | Zot:5    | Noticed an orb of fire
 61872 | Zot:5    | Killed an orb of fire
 61878 | Zot:5    | Noticed a Killer Klown
 61883 | Zot:5    | Noticed an orb of fire
 61886 | Zot:5    | Gained mutation: You are dopey. (Int -2) [an orb of fire]
 61886 | Zot:5    | Noticed a dread lich
 61890 | Zot:5    | Killed an orb of fire
 61891 | Zot:5    | Reached skill level 24 in Short Blades
 61893 | Zot:5    | Noticed a Killer Klown
 61896 | Zot:5    | Killed a dread lich
 61899 | Zot:5    | Killed a Killer Klown
 61903 | Zot:5    | Noticed an ancient lich
 61905 | Zot:5    | Killed a Killer Klown
 61916 | Zot:5    | Killed an ancient lich
 62215 | Zot:5    | Noticed a dread lich
 62223 | Zot:5    | Noticed a Killer Klown
 62231 | Zot:5    | Noticed a Killer Klown
 62237 | Zot:5    | Noticed a Killer Klown
 62239 | Zot:5    | Killed a dread lich
 62256 | Zot:5    | Noticed a dread lich
 62257 | Zot:5    | Killed a Killer Klown
 62262 | Zot:5    | Killed a dread lich
 62286 | Zot:5    | Killed a Killer Klown
 62299 | Zot:5    | Killed a Killer Klown
 62706 | Zot:5    | Got the Orb of Zot
 62732 | Zot:5    | Noticed Ovopseafu the pandemonium lord
 62740 | Zot:5    | Killed Ovopseafu the pandemonium lord
 62797 | Zot:4    | Identified the ring of Obsession {rElec rPois Will+ rCorr
                  | Int-2}
 63208 | D:$      | Escaped with the Orb!

Illustrated notes

Levels and vault maps discovered:
D:1:      onia_arrival_pyramid, layout_basic
D:2:      layout_loops_ring, serial_shops, shop
D:3:      layout_basic, dreamdust_ecumenical_altar_sealed_demon,
          grunt_ministairs_5, uniq_grinder, uniq_terence, uniq_natasha
D:4:      minmay_thick_lines, layout_basic, uniq_edmund, uniq_menkaure
D:5:      layout_basic, minmay_temple_entry_large_hall, uniq_ijyb
D:6:      layout_rooms, nicolae_sif_muna_little_library,
          kiku_gazebo_pond_becter, mainiacjoe_overflow_brackets, serial_shops,
          nicolae_shop_gaudy_bauble, grunt_ministairs_9, minmay_manual_maat
D:7:      layout_loops_corners, hangedman_decor_opposing
D:8:      layout_layer_cave, lemuel_tele_altar
D:9:      layout_long_grid, nicolae_dithmenos_the_darkroom, orc_0_dummy,
          serial_shops, nicolae_shop_overgrown_old_shop, nicolae_specific_store,
          uniq_grum
D:10:     layout_cave_pools, mainiacjoe_overflow_divided_tiny,
          david_lair_shrubbed, uniq_psyche
D:11:     layout_loops_corners, gammafunk_ghost_split, minmay_joined_circles
D:12:     layout_irregular_city, uniq_erolcha
D:13:     layout_big_octagon, lightli_vaults_fourway_checkpoint, uniq_urug,
          uniq_kirke, uniq_snorg
D:14:     layout_loops_ring, hangedman_decor_peaks_small,
          nicolae_hepliaklqana_monster_ancestors, uniq_jorgrun
D:15:     grunt_enter_depths_hoard, layout_basic, lemuel_crystal_altar,
          uniq_agnes
Temple:   bh_familiar_temple
Lair:1:   layout_regular_city, grunt_megastairs_2
Lair:2:   layout_long_grid, serial_forest, infiniplex_forest_end_2,
          infiniplex_forest_clump_medium, infiniplex_forest_diagonal,
          infiniplex_forest_end_3, infiniplex_forest_corner_1,
          infiniplex_forest_corner_2, infiniplex_forest_clump_large,
          gauntlet_entry_generic
Lair:3:   layout_regular_city, nicolae_swamp_entry_splash_gauntlet,
          spider_nest_entry_web_field, portal_ice_cave_entry_imps,
          grunt_megastairs_3, uniq_gastronok
Lair:4:   layout_misc_corridors
Lair:5:   minmay_lair_end_enchanted_forest, layout_long_grid, slime_entry_1,
          nicolae_quartered_pool_little, guppyfry_lair_drakes
Swamp:1:  layout_falls_marsh, gammafunk_ghost_mausoleum,
          hangedman_swamp_ruin_wall, uniq_nikola
Swamp:2:  layout_basic_swamp, nicolae_swamp_trees_clearing, uniq_mlioglotl
Swamp:3:  layout_falls_marsh, nicolae_swamp_tree_isthmus,
          infiniplex_staircase_pool
Swamp:4:  swamp_alternative, layout_basic_swamp
Spider:1: layout_cave_pods, nicolae_spider_spiderdrome
Spider:2: layout_spider_delve, hangedman_spider_tarantella_strand, uniq_asterion
Spider:3: layout_spider_delve, special_room [special_room_bee],
          nicolae_spider_cling_halls, uniq_louise
Spider:4: hellmonk_spider_rune_endless_swarm
Slime:1:  layout_caves
Slime:2:  layout_caves
Slime:3:  layout_caves
Orc:1:    layout_diamond_mine, mines2_david
Orc:2:    st_orc_mages, layout_diamond_mine, serial_shops,
          nicolae_shop_gaudy_bauble, hellmonk_bongcloud_opening
Elf:1:    nicolae_elf_arrival_no_cutting_in_line, layout_onion_city,
          minmay_elf_crystal_hexagon, uniq_roxanne
Elf:2:    nicolae_elf_blades_crystal_corner, layout_gridlike, basic_altar,
          nicolae_elf_glassroom_feature, uniq_donald
Elf:3:    minmay_elf_hall_four_x, layout_gridlike, nicolae_trove_entry_isolated,
          basic_altar, drop_trap, uniq_bai_suzhen
Vaults:1: vaults_dpeg_encased_lava, ontoclasm_vaults_fault,
          nicolae_vaults_big_ls, vaults_dpeg_emergency_exit,
          nicolae_vaults_spaceships, nicolae_vaults_apartment_1,
          nicolae_vaults_an_arrangement, v_misc_26, nicolae_vaults_turnstiles,
          nicolae_vaults_closet_pinwheel_5, vaults_room_semicircle,
          nicolae_vaults_storage_closets_3, layout_vaults_ring, serial_shops,
          shop
Vaults:2: nicolae_vaults_disjoint_gnomons, nicolae_vaults_oval_intersection,
          vaults_room_pool, v_rooms_1, nicolae_vaults_tangram_1,
          layout_vaults_omnigrid, uniq_xtahua, uniq_boris, uniq_jory
Vaults:3: hangedman_vaults_slither, nicolae_vaults_sealed_display,
          nicolae_vaults_closet_pinwheel_4, v_misc_32, vaults_room_ringed_pool,
          minmay_crypt_entry_simple_plaza, nicolae_vaults_twisting_passages,
          nicolae_vaults_layer_cake_slice, nicolae_vaults_alarming,
          vaults_room_door_ring, ontoclasm_vaults_twist,
          nicolae_vaults_murder_corner, layout_vaults_maze_snakey
Vaults:4: vaults_room_door_ring, nicolae_vaults_trapezoid_lopsided_2,
          hangedman_vaults_maws, nicolae_vaults_cochlea, v_misc_18,
          grunt_vaults_diagonal, nicolae_vaults_puzzle_piece,
          nicolae_vaults_gold_heap, nicolae_vaults_double_plus_2,
          nicolae_vaults_border_crossing, nicolae_vaults_tetromino_L_2,
          nicolae_vaults_double_plus_1, layout_vaults_chaotic_city,
          serial_shops, shop
Depths:1: hangedman_screamer, layout_basic, grunt_hell_horde,
          lemuel_statue_altar, rand_demon_pan_entry_7, abyss_entry,
          nicolae_ru_awakened_eye
Depths:2: hellmonk_paralyzer, layout_cave_shapes, hellmouth_3, abyss_entry,
          pan_entry, nicolae_tso_carved_into_rock, serial_bayou_shore_a,
          uniq_vv, uniq_josephina, uniq_saint_roka
Depths:3: grunt_profane_halls [grunt_profane_temple_dis,
          grunt_profane_temple_geh, grunt_profane_temple_coc,
          grunt_profane_temple_tar, grunt_profane_loot], hell_entry, abyss_entry
Depths:4: grunt_twist_and_shout, layout_twisted_cross,
          ebering_ghost_rock_garden, minmay_misc_feat_nine_boxes,
          hangedman_geh_valley, uniq_enchantress
Zot:1:    kennysheep_blocky_hall, layout_cathedral_of_symmetry,
          st_small_dragon_hoard_2
Zot:2:    layout_onion_interference, nicolae_transporter_intersection
Zot:3:    layout_twisted_circle, ebering_ghost_rock_garden
Zot:4:    gammafunk_the_bubble [the_bubble_gammafunk_crates],
          layout_onion_interference, zot_minivault_3
Zot:5:    layout_cathedral_of_symmetry

Skill      XL: |  1  2  3  4  5  6  7  8  9 10 11 12 13 14 15 16 17 18 19 20 21 22 23 24 25 26 |
---------------+-------------------------------------------------------------------------------+-----
Spellcasting   | 5 6 7 8 9 10 11 12 13 14 15 16 17 18 | 18.9
Invocations    | 1 2 3 4 5 6 7 8 9 10 11 12 13 14 15 16 17 18 19 | 19.8
Short Blades   | 1 2 3 5 7 9 10 11 12 13 15 16 17 18 19 20 21 22 23 24 | 24.5
Long Blades    | 1 2 3 5 6 7 8 9 10 11 12 13 14 15 16 17 18 | 18.3
Axes           | 1 2 3 5 6 7 8 9 10 11 12 13 14 15 16 17 18 | 18.3
Polearms       | 1 2 3 5 6 7 8 9 10 11 12 13 14 15 16 17 18 | 18.3
Staves         | 1 2 3 5 6 7 8 9 10 11 12 13 14 15 16 17 18 | 18.3
Ranged Weapons | 1 2 3 5 6 7 8 9 10 11 12 13 14 15 16 17 18 | 18.3
Throwing       | 1 2 3 5 6 7 8 9 10 11 12 13 14 15 16 17 18 | 18.3
Armour         | 1 2 3 5 6 7 8 9 10 11 12 13 14 15 16 17 18 | 18.3
Stealth        | 1 2 3 5 6 7 8 9 10 11 12 13 14 15 16 17 18 | 18.3
Shields        | 1 2 3 5 6 7 8 9 10 11 12 13 14 15 16 17 18 | 18.3
Unarmed Combat | 1 2 3 5 6 7 8 9 10 11 12 13 14 15 16 17 18 | 18.3
Evocations     | 1 2 3 5 6 7 8 9 10 11 12 13 14 15 16 17 18 | 18.3
Hexes          | 1 2 3 4 5 6 7 8 9 10 11 12 13 14 15 | 15.6
Summonings     | 1 2 3 4 5 6 7 8 9 10 11 12 13 14 15 | 15.6
Necromancy     | 1 2 3 4 5 6 7 8 9 10 11 12 13 14 15 | 15.6
Translocations | 1 2 3 4 5 6 7 8 9 10 11 12 13 14 15 | 15.6
Transmutations | 1 2 3 4 5 6 7 8 9 10 11 12 13 14 15 | 15.6
Fire Magic     | 1 2 3 4 5 6 7 8 9 10 11 12 13 14 15 | 15.6
Ice Magic      | 1 2 3 4 5 6 7 8 9 10 11 12 13 14 15 | 15.6
Air Magic      | 1 2 3 4 5 6 7 8 9 10 11 12 13 14 15 | 15.6
Earth Magic    | 1 2 3 4 5 6 7 8 9 10 11 12 13 14 15 | 15.6
Poison Magic   | 1 2 3 4 5 6 7 8 9 10 11 12 13 14 15 | 15.6
Fighting       | 5 6 7 8 9 10 11 12 13 14 15 16 17 18 | 18.8
Dodging        | 5 6 7 8 9 10 11 12 13 14 15 16 17 18 | 18.8
Maces & Flails | 7 8 9 10 11 12 13 14 15 16 17 18 19 | 19.2
Conjurations   | 6 7 8 9 10 11 12 13 14 15 16 | 16.4

Action                     |  1- 3 |  4- 6 |  7- 9 | 10-12 | 13-15 | 16-18 | 19-21 | 22-24 | 25-27 || total
---------------------------+-------+-------+-------+-------+-------+-------+-------+-------+-------++-------
  Melee: Mace              |   123 |    10 |    19 |       |       |       |       |       |       ||   152
         Bite              |    12 |     6 |    83 |   146 |   232 |   144 |   125 |   159 |    85 ||   992
         Dagger            |    11 |    94 |   574 |   683 |   665 |       |       |       |       ||  2027
         Punch             |       |     2 |       |       |       |       |       |       |    45 ||    47
         Flail             |       |       |       |   259 |   150 |       |       |       |       ||   409
         War axe           |       |       |       |       |   517 |    53 |       |       |       ||   570
         Unarmed           |       |       |       |       |     4 |       |       |       |   185 ||   189
         Demon trident     |       |       |       |       |       |  1060 |  1091 |  1108 |   244 ||  3503
         Tailslap          |       |       |       |       |       |       |       |       |    49 ||    49
  Throw: Dart              |       |       |     5 |     9 |    13 |    25 |       |       |       ||    52
   Cast: Kiss of Death     |     1 |       |     3 |     2 |       |       |       |       |       ||     6
         Momentum Strike   |       |       |    21 |    13 |     1 |       |       |       |       ||    35
         Hailstorm         |       |       |     2 |    27 |    10 |       |       |       |       ||    39
         Wereblood         |       |       |       |     5 |    29 |    45 |    36 |    36 |    13 ||   164
         Death Channel     |       |       |       |       |    21 |    46 |    35 |    37 |    15 ||   154
         Fireball          |       |       |       |       |       |    41 |     4 |     3 |     2 ||    50
         Blink             |       |       |       |       |       |     4 |       |       |       ||     4
         Iskenderun's Batt |       |       |       |       |       |     4 |       |       |       ||     4
         Spellforged Servi |       |       |       |       |       |     5 |    28 |    64 |    41 ||   138
         Borgnjor's Vile C |       |       |       |       |       |       |    10 |    36 |     6 ||    52
         Leda's Unmaking   |       |       |       |       |       |       |     9 |     4 |       ||    13
         Malign Gateway    |       |       |       |       |       |       |       |     1 |       ||     1
         Yara's Violent Un |       |       |       |       |       |       |       |     1 |       ||     1
         Dragon Form       |       |       |       |       |       |       |       |       |    22 ||    22
         Passwall          |       |       |       |       |       |       |       |       |     1 ||     1
 Invoke: Curse Item        |       |       |     2 |     4 |     3 |     2 |     1 |     3 |     1 ||    16
         Shatter the Chain |       |       |       |     1 |     1 |     1 |     2 |     2 |       ||     7
Ability: End Transformatio |       |       |       |       |       |       |       |       |     1 ||     1
  Evoke: Wand              |       |     6 |       |     5 |    13 |     8 |     4 |     3 |     1 ||    40
         Condenser vane    |       |       |       |     1 |     2 |     2 |     1 |     3 |       ||     9
         Phantom mirror    |       |       |       |     1 |     1 |     4 |     1 |     1 |       ||     8
         Piece from Xom's  |       |       |       |       |     6 |       |       |       |       ||     6
         Phial of floods   |       |       |       |       |     1 |     3 |       |       |       ||     4
         Lightning rod     |       |       |       |       |       |    10 |     4 |       |       ||    14
    Use: Scroll            |       |     1 |     3 |     1 |       |    10 |     6 |     2 |     4 ||    27
         Potion            |       |       |     1 |     2 |     1 |     1 |     3 |     1 |     4 ||    13
   Stab: Sleeping          |       |       |     2 |     6 |    20 |    16 |    22 |    21 |     6 ||    93
         Distracted        |       |       |       |       |     9 |    47 |    47 |    70 |    23 ||   196
         Paralysed         |       |       |       |       |     4 |       |       |       |       ||     4
         Confused          |       |       |       |       |     1 |       |     1 |       |       ||     2
         Held in net/web   |       |       |       |       |       |       |     1 |       |       ||     1
 Armour: Leather armour    |    23 |       |       |       |       |       |       |       |       ||    23
         Ring mail         |    18 |    22 |   117 |   110 |       |       |       |       |       ||   267
         Robe              |       |       |       |   144 |   176 |       |       |       |       ||   320
         Troll leather arm |       |       |       |       |    24 |   215 |   190 |   169 |    28 ||   626
         Skin              |       |       |       |       |       |       |       |       |    48 ||    48
  Dodge: Dodged            |    90 |    98 |   337 |   699 |   857 |   745 |   562 |   316 |   408 ||  4112
  Block: Buckler           |       |       |    81 |   216 |   325 |   280 |   161 |       |       ||  1063
         Tower shield      |       |       |       |       |       |       |   171 |   734 |   156 ||  1061

Table legend: (Time is in decaauts)
 A = Elapsed time spent in this place.
 B = Non-inter-level travel time spent in this place.
 C = Inter-level travel time spent in this place.
 D = Time resting spent in this place.
 E = Time spent auto-exploring this place.
 F = Levels seen in this place.
 G = Mean time per level.
                   A        B        C        D        E       F      G
               +--------+--------+--------+--------+--------+-----+--------+
         Total |  61660 |  55299 |   6361 |   8219 |  32993 |  53 | 1163.4 |
       Dungeon |  19277 |  16852 |   2425 |   2923 |  10108 |  15 | 1285.1 |
        Temple |    207 |    164 |     43 |      0 |    160 |   1 |  207.0 |
          Lair |   7657 |   6224 |   1433 |   1302 |   3096 |   5 | 1531.4 |
         Swamp |   3409 |   3232 |    177 |    306 |   2181 |   4 |  852.2 |
   Spider Nest |   4423 |   4292 |    131 |    451 |   2757 |   4 | 1105.8 |
    Slime Pits |    871 |    822 |     49 |      0 |    711 |   3 |  290.3 |
  Orcish Mines |   2462 |   1701 |    761 |     59 |   1084 |   2 | 1231.0 |
   Elven Halls |   4246 |   3844 |    402 |    612 |   2187 |   3 | 1415.3 |
        Vaults |   5092 |   4761 |    331 |     76 |   3535 |   4 | 1273.0 |
        Depths |   5846 |   5427 |    419 |    350 |   3500 |   4 | 1461.5 |
           Zot |   5529 |   5341 |    188 |    826 |   3322 |   5 | 1105.8 |
         Abyss |    588 |    588 |      0 |    242 |      0 |   1 |  588.0 |
      Ice Cave |   1597 |   1597 |      0 |    912 |    204 |   1 | 1597.0 |
      Gauntlet |    450 |    450 |      0 |    158 |    146 |   1 |  450.0 |
               +--------+--------+--------+--------+--------+-----+--------+

Top non-repeatable levels by time:
  Lair:3: 2308 daAuts
    D:11: 2224 daAuts
    D:12: 2057 daAuts
Vaults:1: 1986 daAuts
   Elf:3: 1846 daAuts
   Zot:5: 1743 daAuts
Depths:2: 1704 daAuts
   IceCv: 1597 daAuts
   Elf:1: 1584 daAuts
  Lair:2: 1573 daAuts
    D:10: 1520 daAuts
  Lair:1: 1514 daAuts
  Lair:5: 1488 daAuts
Depths:1: 1466 daAuts
Depths:3: 1435 daAuts
